 Dungeon Crawl Stone Soup version 0.26.0-10-g1f06aea511 (webtiles) character file.

Game seed: 13492095654955641144

297335 Arum the Slayer (level 21, -3/197 HPs)
             Began as a Formicid Fighter on Jan 15, 2021.
             Was the Champion of Okawaru.
             Slain by a yaktaur (13 damage)
             ... on level 1 of the Vaults.
             The game lasted 01:48:02 (45689 turns).

Arum the Slayer (Formicid Fighter)                 Turns: 45689, Time: 01:48:03

Health: -3/197     AC: 23    Str: 31    XL:     21   Next: 34%
Magic:  21/24      EV:  8    Int:  9    God:    Okawaru [******]
Gold:   7226       SH: 30    Dex: 22    Spells: 20/20 levels left

rFire    + + .     SeeInvis +   a - +8 lajatang (speed)
rCold    + + +     Faith    .   H - +2 tower shield {AC+3}
rNeg     + . .     Spirit   .   O - +0 plate armour {rPois}
rPois    +         Reflect  +   (helmet unavailable)
rElec    .         Harm     .   p - scarf {rC+ rF+}
rCorr    .         Rampage  .   i - +0 pair of gloves {Dex+3}
Will     ++...                  W - +0 pair of boots {run}
Stlth    ..........             Q - amulet "Cedwerghyo" {Reflect rF+ Dex+4 SH+5}
HPRegen  0.42/turn              b - ring of Ugiroaw {+Fly rC+ rN+ Will-}
MPRegen  0.19/turn              F - ring "Lesemness" {rC+ Will+ Str+6}

@: marked, quick
A: permanent stasis, dig shafts and tunnels, four strong arms, antennae 3
}: 3/15 runes: barnacled, abyssal, gossamer
a: Dig, Shaft Self, Renounce Religion, Evoke Flight, Heroism, Finesse


You were on level 1 of the Vaults.
You worshipped Okawaru.
Okawaru was exalted by your worship.
You visited 6 branches of the dungeon, and saw 32 of its levels.
You visited the Abyss 1 time.
You also visited: Trove, Gauntlet, Ice Cave (6 times) and Volcano.

You collected 7633 gold pieces.
You spent 407 gold pieces at shops.

Inventory:

Hand Weapons
 a - a +8 lajatang of speed (weapon)
 V - a +5 lajatang of electrocution
Missiles
 x - 4 throwing nets
 R - 67 silver javelins
 X - 82 javelins
Armour
 i - a +0 pair of gloves of dexterity (worn)
 p - a scarf of resistance (worn)
 H - a +2 tower shield of protection (worn)
 L - a +2 tower shield of reflection
 O - a +0 plate armour of poison resistance (worn)
 W - a +0 pair of boots of running (worn)
Jewellery
 b - the ring of Ugiroaw (left hand) {+Fly rC+ rN+ Will-}
   (You found it in a treasure trove)

   [ring of flight]

   It protects you from cold.
   It protects you from negative energy.
   It affects your willpower, your defense against some magical effects.
   It lets you fly.
 o - the ring "Ibbiggiw" {rElec Will+ Dex+4 SInv}
   (You found it on level 3 of the Spider Nest)

   [ring of see invisible]

   It affects your dexterity (+4).
   It insulates you from electricity.
   It affects your willpower, your defense against some magical effects.
   It lets you see invisible.
 q - the ring "Orgherunim" {rF++ rN++ Stlth+}
   (You found it in a treasure trove)

   [ring of stealth]

   It greatly protects you from fire.
   It greatly protects you from negative energy.
   It makes you more stealthy.
 B - an uncursed ring of protection from cold
 F - the ring "Lesemness" (right hand) {rC+ Will+ Str+6}
   (You found it in a treasure trove)

   [ring of strength]

   It affects your strength (+6).
   It protects you from cold.
   It affects your willpower, your defense against some magical effects.
 N - an uncursed ring of resist corrosion
 Q - the amulet "Cedwerghyo" (around neck) {Reflect rF+ Dex+4 SH+5}
   (You found it in a treasure trove)

   [amulet of reflection]

   It shields you and reflects attacks.
   It affects your dexterity (+4).
   It protects you from fire.
   It affects your SH (+5).
 S - the ring of the Tortoise {AC+8}
   (You took it off a minotaur in a Gauntlet)

   [ring of protection]

   It affects your AC (+8).
Wands
 l - a wand of acid (14)
 n - a wand of flame (80)
 v - a wand of paralysis (43)
 I - a wand of enslavement (18)
 J - a wand of iceblast (17)
 M - a wand of digging (13)
 Y - a wand of disintegration (12)
Scrolls
 c - 6 scrolls of fog
 f - a scroll of summoning
 h - 10 scrolls of magic mapping
 r - 10 scrolls of identify
 u - 5 scrolls of fear
 w - 19 scrolls of remove curse
 y - 4 scrolls of enchant armour
 K - 9 scrolls of amnesia
 U - 4 scrolls of immolation
Potions
 d - 6 potions of might
 g - 9 potions of attraction
 j - a potion of brilliance
 k - 6 potions of ambrosia
 m - 16 potions of curing
 s - 4 potions of lignification
 t - 7 potions of mutation
 A - a potion of flight
 D - a potion of cancellation
 E - 4 potions of magic
 G - 4 potions of resistance
Miscellaneous
 e - a condenser vane
 C - a tin of tremorstones (2/2)
 P - a box of beasts
 Z - a phial of floods


   Skills:
 + Level 24.9 Fighting
 - Level 15.0 Staves
 - Level 15.0 Armour
 - Level 15.0 Shields
 - Level 5.0 Invocations
 - Level 15.0 Evocations


You had 20 spell levels left.
You didn't know any spells.
Your spell library contained the following spells:

 Spells                   Type           Power        Failure   Level
 Animate Skeleton         Necr           0%           91%         1
 Apportation              Tloc           0%           91%         1
 Beastly Appendage        Tmut           0%           91%         1
 Corona                   Hex            0%           91%         1
 Foxfire                  Conj/Fire      0%           91%         1
 Freeze                   Ice            0%           91%         1
 Magic Dart               Conj           0%           91%         1
 Pain                     Necr           0%           91%         1
 Sandblast                Erth           0%           91%         1
 Sting                    Tmut/Pois      0%           91%         1
 Summon Small Mammal      Summ           0%           91%         1
 Call Imp                 Summ           0%           97%         2
 Corpse Rot               Necr/Air       N/A          97%         2
 Ensorcelled Hibernation  Hex/Ice        0%           97%         2
 Passwall                 Tmut/Erth      0%           97%         2
 Searing Ray              Conj           0%           97%         2
 Slow                     Hex            0%           97%         2
 Wereblood                Tmut           0%           97%         2
 Confusing Touch          Hex            0%           99%         3
 Conjure Flame            Conj/Fire      0%           99%         3
 Dazzling Flash           Conj/Hex       0%           99%         3
 Frozen Ramparts          Ice            0%           99%         3
 Gell's Gravitas          Tloc           0%           99%         3
 Ignite Poison            Fire/Tmut/Pois 0%           99%         3
 Inner Flame              Hex/Fire       0%           99%         3
 Mephitic Cloud           Conj/Pois/Air  0%           99%         3
 Ozocubu's Armour         Ice            0%           99%         3
 Portal Projectile        Hex/Tloc       0%           99%         3
 Spider Form              Tmut/Pois      0%           99%         3
 Static Discharge         Conj/Air       0%           99%         3
 Stone Arrow              Conj/Erth      0%           99%         3
 Summon Guardian Golem    Hex/Summ       0%           99%         3
 Tukima's Dance           Hex            0%           99%         3
 Vampiric Draining        Necr           0%           99%         3
 Airstrike                Air            0%           100%        4
 Animate Dead             Necr           0%           100%        4
 Cause Fear               Hex            0%           100%        4
 Fulminant Prism          Conj/Hex       0%           100%        4
 Hailstorm                Conj/Ice       0%           100%        4
 Ice Form                 Ice/Tmut       0%           100%        4
 Iskenderun's Mystic Bla  Conj/Tloc      0%           100%        4
 Leda's Liquefaction      Hex/Erth       0%           100%        4
 Petrify                  Tmut/Erth      0%           100%        4
 Summon Ice Beast         Ice/Summ       0%           100%        4
 Summon Lightning Spire   Summ/Air       0%           100%        4
 Agony                    Necr           0%           100%        5
 Blade Hands              Tmut           0%           100%        5
 Borgnjor's Vile Clutch   Necr/Erth      0%           100%        5
 Fireball                 Conj/Fire      0%           100%        5
 Irradiate                Conj/Tmut      0%           100%        5
 Lee's Rapid Deconstruct  Erth           0%           100%        5
 Metabolic Englaciation   Hex/Ice        0%           100%        5
 Yara's Violent Unravell  Hex/Tmut       0%           100%        5
 Death Channel            Necr           0%           100%        6
 Freezing Cloud           Conj/Ice/Air   0%           100%        6
 Hydra Form               Tmut           0%           100%        6
 Iron Shot                Conj/Erth      0%           100%        6
 Ozocubu's Refrigeration  Ice            0%           100%        6
 Simulacrum               Ice/Necr       0%           100%        6
 Starburst                Conj/Fire      0%           100%        6
 Statue Form              Tmut/Erth      0%           100%        6
 Dragon Form              Tmut           0%           100%        7
 Malign Gateway           Summ/Tloc      0%           100%        7
 Spellforged Servitor     Conj/Summ      0%           100%        7
 Summon Hydra             Summ           0%           100%        7
 Discord                  Hex            0%           100%        8
 Ignition                 Fire           0%           100%        8
 Blink                    Tloc           Unusable     N/A         2

Dungeon Overview and Level Annotations

Branches:
Dungeon (15/15)            Temple (0/1) D:7            Lair (6/6) D:10
 Shoals (4/4) Lair:4       Spider (4/4) Lair:2        Slime (0/5) Lair:6
    Orc (2/2) D:9             Elf (0/3) Orc:2        Vaults (1/5) D:14
 Depths (0/5) D:15          IceCv (visited)         Volcano (visited)
Gauntlet (visited)

Altars:
Ashenzari
Cheibriados
Dithmenos
Elyvilon
Gozag
Hepliaklqana
Nemelex Xobeh
Okawaru
Qazlal
Ru
Trog
Wu Jian
The Shining One
Beogh
Jiyva

Shops:
D:15 *   Orc:2 [(?}[   Shoals:1 (   Shoals:3 ((

Portals:
Ice
Cave: Shoals:3


Innate Abilities, Weirdness & Mutations

You cannot be hasted, slowed, berserked, paralysed or teleported.
You can dig through walls and to a lower floor.
Your four strong arms can wield two-handed weapons with a shield.
You have a pair of large antennae on your head. (SInv)


Message History

Unknown command.
You feel better.
A two-headed ogre comes into view. It is wielding two +0 giant clubs.
The ogre mage casts a spell at you. The bolt of lightning hits you!!
* * * LOW HITPOINT WARNING * * *
You block the yaktaur's attack.
The yaktaur hits you but does no damage.
Unknown command.
You slice the ogre mage!!
The ogre mage is heavily wounded.
The ogre mage gestures at you while chanting.
The bolt of lightning hits you!!
* * * LOW HITPOINT WARNING * * *
You block the yaktaur's attack.
Unknown command.
Evoke which item? (* to show all) (? for menu, Esc to quit)
Okay, then.
You feel better. You block the ogre mage's attack. The yaktaur hits you!
You die...

#.. .. {..
#########O###
............#
........O.(.#
.......cOc..#
.......O@(..#
........))).#
+#####†)()(#
#.).).#####
#.)...#....
#..(..+....
#.....#####
#!....#
#..$..#


You could see 3 two-headed ogres, an ogre mage (fast) and 2 yaktaurs.

Vanquished Creatures
  Nikola (Spider:1)
  5 liches (Abyss:3)
  2 Ice Fiends (IceCv)
  Agnes (Spider:1)
  A tentacled starspawn (Abyss:3)
  Kirke (Spider:1)
  A fire giant (D:15)
  4 ghost moths
  An orc warlord (Orc:2)
  A vault warden (Vaults:1)
  8 emperor scorpions
  An ironheart preserver (Vaults:1)
  2 very ugly things (IceCv)
  2 entropy weavers
  2 deep elf demonologists (Vaults:1)
  A deep elf annihilator (Vaults:1)
  A minotaur (Gauntlet)
  4 spark wasps
  A red draconian (Volcano)
  The ghost of HunfridMar the Eclecticist, a journeyman DECj of Vehumet (Lair:4)
  9 merfolk javelineers
  2 ettins
  5 blizzard demons (IceCv)
  12 merfolk impalers
  An ice dragon (Abyss:3)
  3 vault guards
  A fire dragon (Abyss:3)
  6 merfolk avatars
  4 alligator snapping turtles
  9 hydras
  2 centaur warriors
  11 boulder beetles
  2 merfolk aquamancers (Shoals:4)
  2 ogre magi (Abyss:3)
  5 two-headed ogres
  3 satyrs
  12 death yaks
  4 tengu warriors
  A fire crab (shapeshifter) (D:15)
  14 sea snakes
  A lindwurm (Lair:3)
  8 unseen horrors
  13 harpies
  18 orb spiders
  2 ironbrand convokers (Vaults:1)
  2 orc knights
  4 deep elf magi
  9 ugly things
  36 wolf spiders
  14 manticores
  3 orc sorcerers (Orc:2)
  14 fauns
  9 cyclopes
  4 moths of wrath
  10 elephants
  3 centaur zombies
  4 black mambas
  2 vault sentinels (Vaults:1)
  A guardian serpent (shapeshifter) (D:15)
  16 merfolk sirens
  Psyche (D:10)
  4 torpor snails
  An apocalypse crab (Gauntlet)
  8 water nymphs
  10 cane toads
  11 ice statues (IceCv)
  A gargoyle (D:9)
  18 demonic crawlers
  11 komodo dragons
  2 redback zombies (Spider:2)
  3 rime drakes (Lair:6)
  12 freezing wraiths
  An efreet (D:15)
  3 golden dragon simulacra (IceCv)
  40 ice devils (IceCv)
  11 anaconda simulacra (IceCv)
  5 yaktaurs
  3 tengu conjurers
  A queen bee (shapeshifter) (D:15)
  31 merfolk
  3 trolls
  6 wind drakes
  35 jumping spiders
  A meliai (shapeshifter) (D:14)
  5 polar bears
  A wolf spider simulacrum (IceCv)
  4 raiju (Abyss:3)
  13 hornets
  21 dream sheep
  11 snapping turtles
  3 jumping spider zombies (Spider:2)
  14 blink frogs
  3 tarantella zombies (Spider:2)
  3 slime creatures
  3 wraiths
  A shadow (D:9)
  6 water elementals
  11 dire elephant simulacra (IceCv)
  32 tarantellas
  2 basilisks (Lair:4)
  17 wyverns
  A hog (Spider:1)
  68 redbacks
  6 fire bats
  22 yaks
  4 chaos spawn (Abyss:3)
  5 vampire mosquitoes
  13 harpy simulacra (IceCv)
  15 iron troll simulacra (IceCv)
  2 wargs (Orc:2)
  An orb spider zombie (Spider:2)
  2 small abominations
  4 soldier ants
  A two-headed ogre zombie (D:9)
  19 water moccasins
  10 hydra simulacra (IceCv)
  Duvessa (D:4)
  11 ice beasts
  35 orc warriors
  An eye of draining (D:10)
  2 sky beasts
  2 black bears
  5 ettin simulacra (IceCv)
  4 alligator simulacra (IceCv)
  12 centaurs
  11 ogres
  10 wolves
  4 phantoms
  A big kobold (shapeshifter) (Abyss:3)
  14 bullfrogs
  Dowan (D:4)
  A wyvern skeleton (D:12)
  20 scorpions
  5 troll zombies (D:9)
  2 water moccasin skeletons
  A swamp dragon simulacrum (IceCv)
  21 killer bees
  3 electric eels (D:12)
  15 wights
  2 vampire bats (D:13)
  A howler monkey (D:4)
  7 draconian simulacra (IceCv)
  4 quasits
  4 jellies
  18 orc priests
  4 centaur skeletons
  8 hounds
  2 iguanas
  2 bullfrog skeletons
  24 orc wizards
  14 hell rats
  2 troll simulacra (IceCv)
  19 worker ants
  7 spriggan simulacra (IceCv)
  A polar bear simulacrum (IceCv)
  2 wolf simulacra (IceCv)
  2 ogre zombies (D:9)
  8 centaur simulacra (IceCv)
  A bullfrog simulacrum (D:12)
  A hound zombie (D:6)
  A hound skeleton (D:8)
  A worker ant zombie (D:7)
  13 gnolls
  A howler monkey skeleton (D:4)
  12 adders
  6 naga simulacra (IceCv)
  6 ogre simulacra (IceCv)
  4 river rats (D:13)
  A shadow imp (D:6)
  35 white imps
  27 ufetubi
  4 oozes
  An adder skeleton (D:7)
  7 worms
  2 dart slugs (D:3)
  7 leopard geckos
  86 orcs
  5 ball pythons
  9 giant cockroaches
  6 goblins
  9 hobgoblins
  8 jackals
  4 kobolds
  4 quokkas
  11 bats
  8 frilled lizards
  2 goblin skeletons (D:9)
  A goblin zombie (D:9)
  A hobgoblin skeleton (D:9)
  4 hobgoblin zombies (D:9)
  4 orc skeletons (D:9)
  13 orc zombies (D:9)
  12 rats
  10 crawling corpses (Spider:2)
1507 creatures vanquished.

Vanquished Creatures (others)
  A redback (Spider:1)
  3 humans (Spider:1)
  An orc wizard (Orc:2)
  3 white imps (IceCv)
  4 ufetubi (IceCv)
  47 fungi
  159 plants
  2 starspawn tentacles (Abyss:3)
220 creatures vanquished.

Grand Total: 1727 creatures vanquished

Notes
Turn   | Place    | Note
-------+----------+-------------------------------------------
     0 | D:1      | Arum the Formicid Fighter began the quest for the Orb.
     0 | D:1      | Reached XP level 1. HP: 18/18 MP: 1/1
     2 | D:1      | Noticed an octopode
     2 | D:1      | Noticed a centaur
     4 | D:1      | Noticed a minotaur
     6 | D:1      | Noticed an ogre
     6 | D:1      | Noticed a vine stalker
     8 | D:1      | Noticed a halfling
     8 | D:1      | Noticed a naga
    10 | D:1      | Noticed a draconian
    10 | D:1      | Noticed a formicid
    12 | D:1      | Noticed a vampire
    14 | D:1      | Noticed a demonspawn
    14 | D:1      | Noticed a human
    16 | D:1      | Noticed a spriggan
    16 | D:1      | Noticed a gargoyle
    18 | D:1      | Noticed a demigod
    20 | D:1      | Noticed a troll
    20 | D:1      | Noticed a felid
    22 | D:1      | Noticed a dwarf
    22 | D:1      | Noticed a tengu
    24 | D:1      | Noticed a merfolk
    24 | D:1      | Noticed a ghoul
    26 | D:1      | Noticed an elf
    62 | D:1      | Reached XP level 2. HP: 24/24 MP: 2/2
   399 | D:1      | Reached XP level 3. HP: 21/29 MP: 3/3
   884 | D:2      | Noticed a bullfrog
   890 | D:2      | Killed a bullfrog
   891 | D:2      | Reached skill level 4 in Fighting
   891 | D:2      | Reached XP level 4. HP: 37/37 MP: 4/4
   919 | D:2      | Found an ornate altar of the Wu Jian Council.
   966 | D:2      | Reached XP level 5. HP: 42/42 MP: 5/5
  1704 | D:3      | Found an iron altar of Okawaru.
  1715 | D:3      | Became a worshipper of Warmaster Okawaru
  1799 | D:3      | Found a sacrificial altar of Ru.
  1870 | D:3      | Reached XP level 6. HP: 42/49 MP: 6/6
  1934 | D:3      | Found a shadowy altar of Dithmenos.
  2251 | D:3      | Reached skill level 5 in Shields
  2412 | D:4      | Noticed a phantom
  2421 | D:4      | Killed a phantom
  2574 | D:4      | Noticed Duvessa
  2574 | D:4      | Noticed Dowan
  2594 | D:4      | Killed Duvessa
  2594 | D:4      | Reached * piety under Okawaru
  2595 | D:4      | Reached skill level 5 in Fighting
  2595 | D:4      | Reached skill level 5 in Armour
  2595 | D:4      | Reached XP level 7. HP: 42/56 MP: 7/7
  2603 | D:4      | Killed Dowan
  3101 | D:4      | Reached XP level 8. HP: 63/64 MP: 8/8
  3397 | D:4      | Found a sparkling altar of Nemelex Xobeh.
  3461 | D:5      | Entered Level 5 of the Dungeon
  3525 | D:5      | Found an opulent altar of Gozag.
  3544 | D:5      | Reached skill level 6 in Fighting
  3544 | D:5      | Reached skill level 5 in Staves
  3703 | D:5      | Reached ** piety under Okawaru
  4812 | D:6      | Reached skill level 7 in Fighting
  4812 | D:6      | Reached XP level 9. HP: 71/72 MP: 9/9
  5041 | D:6      | Found a white marble altar of Elyvilon.
  5370 | D:7      | Reached *** piety under Okawaru
  5719 | D:7      | Reached skill level 8 in Fighting
  6029 | D:7      | Found a broken altar of Ashenzari.
  6029 | D:7      | Found a glowing golden altar of the Shining One.
  6034 | D:7      | Found a sparkling altar of Nemelex Xobeh.
  6034 | D:7      | Found a hazy altar of Hepliaklqana.
  6215 | D:7      | Found a staircase to the Ecumenical Temple.
  6486 | D:7      | Found a stormy altar of Qazlal.
  6486 | D:7      | Found a bloodstained altar of Trog.
  6486 | D:7      | Found a snail-covered altar of Cheibriados.
  7076 | D:9      | Noticed a gargoyle
  7087 | D:9      | Killed a gargoyle
  7087 | D:9      | Reached **** piety under Okawaru
  7088 | D:9      | Reached XP level 10. HP: 71/82 MP: 7/10
  7220 | D:9      | Noticed a centaur warrior
  7229 | D:9      | Killed a centaur warrior
  7230 | D:9      | Reached skill level 9 in Fighting
  7230 | D:9      | Reached skill level 10 in Staves
  7268 | D:9      | Got a bone great mace
  7269 | D:9      | Identified the +1 great mace "Mib Alupieda" {protect, rElec
                  | rN+++ Will+ Str-2} (You found it on level 9 of the Dungeon)
  7337 | D:9      | Found a staircase to the Orcish Mines.
  7972 | D:9      | Reached ***** piety under Okawaru
  8266 | D:10     | Entered Level 10 of the Dungeon
  8427 | D:10     | Noticed Psyche
  8437 | D:10     | Killed Psyche
  8437 | D:10     | Received a gift from Okawaru
  8438 | D:10     | Reached skill level 10 in Fighting
  8546 | D:10     | Noticed a two-headed ogre
  8558 | D:10     | Killed a two-headed ogre
  8558 | D:10     | Received a gift from Okawaru
  8559 | D:10     | Reached XP level 11. HP: 41/91 MP: 8/11
  9002 | D:10     | Found a transporter.
  9004 | D:10     | Noticed a tengu warrior
  9021 | D:10     | Found a transporter.
  9026 | D:10     | Noticed a boulder beetle
  9064 | D:10     | Reached skill level 1 in Invocations
  9082 | D:10     | Found a staircase to the Lair.
  9196 | D:10     | Noticed an unseen horror
  9217 | D:10     | Killed an unseen horror
  9637 | D:11     | Noticed a cyclops
  9643 | D:11     | Killed a cyclops
 10043 | D:11     | Noticed a cyclops
 10051 | D:11     | Killed a cyclops
 10052 | D:11     | Reached skill level 11 in Fighting
 10650 | D:11     | Reached skill level 5 in Invocations
 10780 | D:12     | Found a gate leading to a gauntlet.
 10787 | Gauntlet | Entered a Gauntlet
 10787 | Gauntlet | Found a transporter.
 10787 | Gauntlet | Found a transporter.
 10801 | Gauntlet | Noticed a tengu warrior
 10861 | Gauntlet | Found a transporter.
 10861 | Gauntlet | Found a transporter.
 10865 | Gauntlet | Noticed a death yak
 10865 | Gauntlet | Noticed a death ooze
 10866 | Gauntlet | Noticed a death yak
 10866 | Gauntlet | Noticed a death yak
 10866 | Gauntlet | Noticed a death yak
 10866 | Gauntlet | Noticed a death yak
 10866 | Gauntlet | Noticed a death yak
 10870 | Gauntlet | Found a transporter.
 10875 | Gauntlet | Noticed a green death
 10889 | Gauntlet | Found a transporter.
 10895 | Gauntlet | Found a large runed translucent door.
 10896 | Gauntlet | Found a large runed translucent door.
 10897 | Gauntlet | Found a large runed translucent door.
 10897 | Gauntlet | Found a large runed translucent door.
 10898 | Gauntlet | Found a runed translucent gate.
 10898 | Gauntlet | Found a large runed translucent door.
 10898 | Gauntlet | Found a large runed translucent door.
 10898 | Gauntlet | Found a runed translucent door.
 10899 | Gauntlet | Found a transporter.
 10899 | Gauntlet | Found a runed translucent gate.
 10899 | Gauntlet | Found a transporter.
 10899 | Gauntlet | Found a large runed translucent door.
 10900 | Gauntlet | Found a runed translucent gate.
 10900 | Gauntlet | Found a runed translucent door.
 10900 | Gauntlet | Found a large runed translucent door.
 10902 | Gauntlet | Found a transporter.
 10906 | Gauntlet | Noticed a death drake
 10907 | Gauntlet | Found a large runed translucent door.
 10907 | Gauntlet | Found a large runed translucent door.
 10908 | Gauntlet | Found a large runed translucent door.
 10909 | Gauntlet | Found a large runed translucent door.
 10918 | Gauntlet | Found a large runed translucent door.
 10918 | Gauntlet | Found a large runed translucent door.
 10929 | Gauntlet | Found a transporter.
 10936 | Gauntlet | Found a transporter.
 10956 | Gauntlet | Found a transporter.
 10991 | Gauntlet | Found a transporter.
 11009 | Gauntlet | Found a transporter.
 11024 | Gauntlet | Found a large runed translucent door.
 11024 | Gauntlet | Found a large runed translucent door.
 11108 | Gauntlet | Found a transporter.
 11126 | Gauntlet | Found a transporter.
 11383 | Gauntlet | Killed a tengu warrior
 11390 | Gauntlet | Reached XP level 12. HP: 92/100 MP: 15/15
 11397 | Gauntlet | Got a blackened leather armour
 11429 | Gauntlet | Killed a death yak
 11436 | Gauntlet | Killed a death yak
 11444 | Gauntlet | Killed a death yak
 11445 | Gauntlet | Reached skill level 10 in Armour
 11452 | Gauntlet | Killed a death yak
 11452 | Gauntlet | Reached ****** piety under Okawaru
 11462 | Gauntlet | Killed a death yak
 11462 | Gauntlet | Received a gift from Okawaru
 11470 | Gauntlet | Killed a death yak
 11471 | Gauntlet | Reached skill level 12 in Fighting
 11741 | Gauntlet | Got a faintly glowing platinum ring
 11750 | Gauntlet | Identified the ring "Xiulin" {Fire rElec rN++ Dex-5 SInv}
                  | (You found it in a Gauntlet)
 11910 | Gauntlet | Noticed a minotaur
 11935 | Gauntlet | Killed a minotaur
 12403 | D:12     | Noticed a four-headed hydra
 12411 | D:12     | Killed a four-headed hydra
 12412 | D:12     | Reached skill level 1 in Evocations
 12988 | D:12     | Reached XP level 13. HP: 109/109 MP: 16/16
 13554 | D:12     | Received a gift from Okawaru
 13557 | D:12     | Got an iridescent lajatang {god gift}
 13558 | D:12     | Identified the +0 lajatang "Sedeolos" {venom, *Rage +Blink
                  | Str+4} (Okawaru gifted it to you on level 12 of the
                  | Dungeon)
 14431 | D:13     | Found a portal to a secret trove of treasure.
 14463 | D:13     | You paid a toll of 5 scrolls of fear to enter a treasure
                  | trove
 14464 | Trove    | Entered a treasure trove
 14469 | Trove    | Got a translucent copper ring
 14475 | Trove    | Got a clouded granite ring
 14479 | Trove    | Got a steaming steel amulet
 14485 | Trove    | Got a faintly glowing gossamer ring
 14487 | Trove    | Got a crude copper ring
 14491 | Trove    | Got a vibrating zirconium amulet
 14507 | D:13     | Identified the amulet "Cedwerghyo" {Reflect rF+ Dex+4 SH+5}
                  | (You found it in a treasure trove)
 14528 | D:13     | Reached skill level 13 in Fighting
 14706 | D:13     | Reached skill level 15 in Staves
 14865 | D:13     | Reached skill level 5 in Evocations
 15283 | D:13     | Identified the ring "Lesemness" {rC+ Will+ Str+6} (You
                  | found it in a treasure trove)
 15284 | D:13     | Identified the ring of the Prince {Fire Stlth+} (You found
                  | it in a treasure trove)
 15804 | D:14     | Received a gift from Okawaru
 15854 | D:14     | Noticed an ettin
 15855 | D:14     | Noticed a vault guard
 15871 | D:14     | Killed an ettin
 15892 | D:14     | Killed a vault guard
 16086 | D:14     | Found a gate to the Vaults.
 16251 | D:14     | Found a shadowy altar of Dithmenos.
 16274 | D:14     | Reached XP level 14. HP: 119/119 MP: 17/17
 16670 | D:15     | Entered Level 15 of the Dungeon
 16686 | D:15     | Received a gift from Okawaru
 16747 | D:15     | Reached skill level 14 in Fighting
 16848 | D:15     | Found Hyff's Assorted Antiques.
 16852 | D:15     | Bought a scroll of enchant weapon for 202 gold pieces
 16852 | D:15     | Bought a scroll of identify for 54 gold pieces
 16852 | D:15     | Bought a scroll of identify for 54 gold pieces
 16853 | D:15     | Identified the ring of Ugiroaw {+Fly rC+ rN+ Will-} (You
                  | found it in a treasure trove)
 16854 | D:15     | Identified the ring "Orgherunim" {rF++ rN++ Stlth+} (You
                  | found it in a treasure trove)
 17050 | D:15     | Found a staircase to the Depths.
 17050 | D:15     | Noticed a fire giant
 17059 | D:15     | Killed a fire giant
 17313 | D:15     | Received a gift from Okawaru
 17536 | Orc:1    | Entered Level 1 of the Orcish Mines
 17595 | Orc:2    | Entered Level 2 of the Orcish Mines
 18292 | Orc:1    | Found a roughly hewn altar of Beogh.
 18640 | Orc:2    | Found a roughly hewn altar of Beogh.
 18640 | Orc:2    | Found Fotwi's Gadget Shoppe.
 18697 | Orc:2    | Found Byirus's Armour Emporium.
 18782 | Orc:2    | Found a staircase to the Elven Halls.
 18978 | Orc:2    | Noticed an orc warlord
 18995 | Orc:2    | Killed an orc warlord
 18997 | Orc:2    | Found Beid's Antique Armour Boutique.
 19172 | Orc:2    | Found Ilazeal's Antique Weapon Shop.
 19173 | Orc:2    | Found a roughly hewn altar of Beogh.
 19258 | Orc:2    | Found a roughly hewn altar of Beogh.
 19395 | Orc:2    | Found a roughly hewn altar of Beogh.
 19395 | Orc:2    | Found Imosehagg's Magic Scroll Emporium.
 19419 | Orc:2    | Bought a scroll of identify for 30 gold pieces
 19419 | Orc:2    | Bought a scroll of noise for 15 gold pieces
 19420 | Orc:2    | Identified the amulet "Gedafukk" {Acrobat rElec rF- Will+}
                  | (You found it in a treasure trove)
 19430 | Orc:2    | Bought a scroll of magic mapping for 52 gold pieces
 19523 | Orc:2    | Found a roughly hewn altar of Beogh.
 19598 | Orc:2    | Found a roughly hewn altar of Beogh.
 19810 | Lair:1   | Entered Level 1 of the Lair of Beasts
 20075 | Lair:1   | Received a gift from Okawaru
 20084 | Lair:1   | Reached XP level 15. HP: 126/127 MP: 11/18
 20149 | Lair:1   | Reached skill level 15 in Fighting
 21250 | Lair:2   | Reached skill level 10 in Evocations
 21410 | Lair:2   | Found a hole to the Spider Nest.
 21615 | Lair:2   | Found a sacrificial altar of Ru.
 21989 | D:10     | Got an ichor-stained chain mail
 21997 | D:10     | Identified the +3 chain mail of Moczoreu {Will+ Int+6} (You
                  | found it on level 10 of the Dungeon)
 22222 | Lair:3   | Found a dark tunnel.
 22237 | Volcano  | Entered a volcano
 22294 | Volcano  | Identified 2 scrolls of acquirement
 22294 | Volcano  | Acquired the +2 ratskin cloak {*Rats rPois rN+ Str-1 Int-1
                  | Dex+1}
 22295 | Volcano  | Found the +2 ratskin cloak {*Rats rPois rN+ Str-1 Int-1
                  | Dex+1}
 22295 | Volcano  | Acquired 1000 gold pieces
 22299 | Volcano  | Got an encrusted scale mail
 22300 | Volcano  | Identified the cursed +1 scale mail of the Alphagorgon
                  | {rPois rN+ rCorr Dex-2} (You found it in a volcano)
 23448 | Lair:4   | Found a staircase to the Shoals.
 23649 | Lair:4   | Found a transporter.
 23661 | Lair:4   | Received a gift from Okawaru
 23683 | Lair:4   | Found a transporter.
 23906 | Lair:4   | Reached skill level 15 in Armour
 24049 | Lair:4   | Reached skill level 16 in Fighting
 24248 | Lair:4   | Acquired 822 gold pieces
 25114 | Lair:5   | Reached XP level 16. HP: 138/138 MP: 19/19
 25574 | Lair:6   | Entered Level 6 of the Lair of Beasts
 25593 | Lair:6   | Received a gift from Okawaru
 25888 | Lair:6   | Found the macabre finger necklace {rN+}
 26251 | Lair:6   | Found a staircase to the Slime Pits.
 26252 | Lair:6   | Found a viscous altar of Jiyva.
 26744 | Lair:6   | Reached skill level 17 in Fighting
 27148 | Lair:4   | Noticed HunfridMar's ghost (journeyman DECj)
 27204 | Lair:4   | Received a gift from Okawaru
 27211 | Lair:4   | Killed HunfridMar's ghost
 27371 | Spider:1 | Entered Level 1 of the Spider Nest
 27404 | Spider:1 | Noticed Nikola
 27416 | Spider:1 | Killed Nikola
 27628 | Spider:1 | Noticed Kirke
 27631 | Spider:1 | Noticed Agnes
 27651 | Spider:1 | Killed Kirke
 27662 | Spider:1 | Killed Agnes
 28371 | Spider:2 | Received a gift from Okawaru
 28372 | Spider:2 | Reached XP level 17. HP: 98/149 MP: 20/20
 28738 | Spider:2 | Reached skill level 18 in Fighting
 29178 | Spider:2 | Identified the Grimoire of Lightness
 29201 | Spider:2 | Reached skill level 10 in Shields
 29438 | Spider:2 | Reached skill level 15 in Evocations
 29585 | Spider:2 | Received a gift from Okawaru
 29594 | Spider:2 | Identified a +0 pair of boots of running (Okawaru gifted it
                  | to you on level 2 of the Spider Nest)
 30831 | Spider:3 | Identified the ring "Ibbiggiw" {rElec Will+ Dex+4 SInv}
                  | (You found it on level 3 of the Spider Nest)
 30923 | Spider:3 | Reached XP level 18. HP: 159/159 MP: 21/21
 30950 | Spider:3 | Reached skill level 19 in Fighting
 31069 | Spider:3 | Found the ring of the Octopus King
 31077 | Spider:3 | Identified a ring of the Octopus King {Wiz AC+1 EV+1 Str+1
                  | Int+1 Dex+1} (You found it on level 3 of the Spider Nest)
 31261 | Spider:3 | Found a roughly hewn altar of Beogh.
 31338 | Spider:4 | Entered Level 4 of the Spider Nest
 31873 | Spider:4 | Received a gift from Okawaru
 31903 | Spider:4 | Got a pair of glimmering boots {god gift}
 31909 | Spider:4 | Identified the -2 pair of boots of Rammun {Rampage}
                  | (Okawaru gifted it to you on level 4 of the Spider Nest)
 32698 | Spider:4 | HP: 4/161 [spark wasp (17)]
 33410 | Spider:4 | Got a gossamer rune of Zot
 33920 | Shoals:1 | Entered Level 1 of the Shoals
 33929 | Shoals:1 | Received a gift from Okawaru
 33946 | Shoals:1 | Got a pair of smoking gloves {god gift}
 33952 | Shoals:1 | Identified the +0 pair of gloves "Jaez" {Rampage} (Okawaru
                  | gifted it to you on level 1 of the Shoals)
 33997 | Shoals:1 | Reached skill level 20 in Fighting
 34689 | Shoals:1 | Reached XP level 19. HP: 168/169 MP: 22/22
 34926 | Shoals:1 | Found Isoshruu's Antique Weapon Shoppe.
 35807 | Shoals:2 | Reached skill level 15 in Shields
 36432 | Shoals:3 | Found a frozen archway.
 36436 | IceCv    | Entered an ice cave
 36714 | IceCv    | Received a gift from Okawaru
 36764 | IceCv    | Identified the +5 ring mail of the Pleiades {Will+ MP+9}
                  | (Okawaru gifted it to you in an ice cave)
 37362 | Shoals:3 | Cast into level 3 of the Abyss (merfolk impaler)
 37497 | Abyss:3  | Noticed a lich
 37499 | Abyss:3  | Reached skill level 21 in Fighting
 37503 | Abyss:3  | Noticed a lich
 37525 | Abyss:3  | Killed a lich
 37529 | Abyss:3  | Killed a lich
 37568 | Abyss:3  | Noticed a lich
 37569 | Abyss:3  | Noticed a lich
 37569 | Abyss:3  | Noticed a lich
 37578 | Abyss:3  | Noticed a Hell Sentinel
 37580 | Abyss:3  | Killed a lich
 37590 | Abyss:3  | Killed a lich
 37595 | Abyss:3  | Killed a lich
 37599 | Abyss:3  | Got an abyssal rune of Zot
 37618 | Shoals:3 | Escaped the Abyss
 38509 | Shoals:3 | Found Iqidad's Weapon Boutique.
 38539 | Shoals:3 | Reached skill level 22 in Fighting
 38583 | Shoals:3 | Found Afeir's Antique Weapon Shoppe.
 38849 | IceCv    | Entered an ice cave
 39087 | IceCv    | Noticed an Ice Fiend
 39095 | IceCv    | Killed an Ice Fiend
 39361 | IceCv    | Reached XP level 20. HP: 182/182 MP: 23/23
 39623 | IceCv    | Entered an ice cave
 40131 | IceCv    | Identified the +0 ring mail of Claustrophobia {Dex+9} (You
                  | found it in an ice cave)
 40149 | IceCv    | Noticed an Ice Fiend
 40170 | IceCv    | Killed an Ice Fiend
 40348 | IceCv    | Identified the Volume of Enchanting Transmutation
 40580 | IceCv    | Entered an ice cave
 40833 | IceCv    | Found the ring of the Hare {EV+8}
 40842 | IceCv    | Identified The Handbook of Greatest Risks and Utility
 40899 | IceCv    | Entered an ice cave
 40931 | IceCv    | Received a gift from Okawaru
 41268 | IceCv    | Reached skill level 23 in Fighting
 41482 | IceCv    | Identified Sif Muna's Volume of the Harmful Voyage
 41520 | IceCv    | Entered an ice cave
 42607 | Shoals:4 | Entered Level 4 of the Shoals
 42724 | Shoals:4 | Received a gift from Okawaru
 43110 | Shoals:4 | Identified the +3 mace of Reapportionment {speed, rF+ rC+
                  | rN+ Dex-3} (You found it on level 4 of the Shoals)
 43437 | Shoals:4 | Acquired 1030 gold pieces
 43682 | Shoals:4 | Reached skill level 24 in Fighting
 43708 | Shoals:4 | Identified the +7 war axe "Venueron" {distort, Fragile +Fly
                  | rElec Dex+5}
 44262 | Shoals:4 | Reached XP level 21. HP: 62/195 MP: 18/24
 44274 | Shoals:4 | Got a barnacled rune of Zot
 44737 | Shoals:4 | Identified Moddep's Papyrus of Hexes
 45388 | Vaults:1 | Entered Level 1 of the Vaults
 45408 | Vaults:1 | Noticed a Brimstone Fiend
 45417 | Vaults:1 | Received a gift from Okawaru
 45688 | Vaults:1 | HP: 5/197 [ogre mage/bolt of lightning (21)]
 45689 | Vaults:1 | Slain by a yaktaur

Illustrated notes

Levels and vault maps discovered:
D:1:      kb_arrival_jail, layout_loops_ring
D:2:      layout_basic, pdpol_wu_jian_five_deadly_venoms
D:3:      layout_basic, nicolae_ru_the_path_less_chosen, lemuel_round_altar,
          kennysheep_okawaru_gauntlet
D:4:      layout_loops_ring, grunt_ministairs_14, nemelex_lonely_heart_becter,
          uniq_duvessa
D:5:      layout_cave_pods, nicolae_overflow_hidden_temple
D:6:      layout_gridville, lemuel_coloured_pillars_altar,
          minmay_manual_mandibuliform
D:7:      minmay_polygon_palace, layout_loops_corners,
          chequers_temple_overflow_statue_of_worship,
          grunt_temple_overflow_open, minmay_temple_entry_fiery, serial_glass,
          glass_columns_a, glass_columns_a, item_on_display_a, item_on_display_a
D:8:      layout_rooms, serial_curves, eino_curves_01, eino_curves_01
D:9:      layout_basic, zombieorc2_lemuel, hangedman_decor_points
D:10:     gammafunk_the_bubble [the_bubble_gammafunk_split],
          layout_irregular_city, lair_entry_dummy, uniq_psyche
D:11:     layout_irregular_city
D:12:     layout_roguey, serial_ice, serial_ice_a, serial_ice_j, serial_ice_f,
          serial_ice_e, gauntlet_entry_generic, interstate_on_off
D:13:     layout_rooms, enter_trove_2, hangedman_parallel_progression
D:14:     layout_roguey, david_vaults_4, lemuel_tele_altar
D:15:     grunt_enter_depths_giant_problem, layout_rooms,
          chequers_serial_rivers_large_a, serial_shops, shop,
          minmay_misc_feat_cross
Lair:1:   layout_roguey, infiniplex_staircase_pool
Lair:2:   layout_regular_city, nicolae_spider_entry_tight_spaces, basic_altar
Lair:3:   layout_long_grid, nicolae_volcano_entry_vermiform, patterned_corridor
Lair:4:   layout_regular_city, elwin_shoals_entry_stream,
          gammafunk_ghost_berserking_beasts, serial_bayou_pond_e
Lair:5:   layout_layer_cave, beast_lair_carwin_1, grunt_megastairs_4,
          lemuel_fruit_tree
Lair:6:   gammafunk_lair_ancient_temple, layout_loops_ring, slime_altar_1,
          minivault_23
Shoals:1: cheibrodos_shoals_satyrical_garden, layout_shoals, serial_shops, shop
Shoals:2: layout_shoals
Shoals:3: layout_shoals, serial_shops, nicolae_shop_competitors_out_of_business,
          shop_statue, portal_ice_cave_entry_pillars_1, yaktaur_hedge
Shoals:4: shoals_end_simple, layout_shoals
Spider:1: layout_spider_delve, uniq_kirke, uniq_agnes, uniq_nikola
Spider:2: hangedman_creepy_crawlies
Spider:3: nicolae_spider_mines_2
Spider:4: grunt_spider_rune_parallel
Orc:1:    layout_diamond_mine, mines2_david
Orc:2:    grunt_orc_community_town_hall, layout_caves,
          grunt_orc_community_big_house_1, grunt_orc_community_big_house_1,
          grunt_orc_community_house_1, grunt_orc_community_house_3,
          grunt_orc_community_house_3, grunt_orc_community_house_1,
          serial_shops, nicolae_shop_behind_doors
Vaults:1: v_misc_17, ontoclasm_vaults_pinch, vaults_room_fours,
          vaults_dpeg_cross, v_rooms_6, ontoclasm_vaults_fault,
          hangedman_vaults_stream, nicolae_vaults_asterisk, v_misc_16,
          vaults_room_fours, ontoclasm_vaults_loading_screen, v_misc_10,
          layout_vaults_ring, serial_shops, nicolae_shop_stone

Skill      XL: |  1  2  3  4  5  6  7  8  9 10 11 12 13 14 15 16 17 18 19 20 |
---------------+-------------------------------------------------------------+-----
Shields        | 4 5 6 7 9 11 14 15 | 15.0
Fighting       | 4 5 7 8 10 11 12 13 14 16 17 18 20 22 24 | 24.9
Armour         | 4 5 8 9 11 12 13 15 | 15.0
Staves         | 3 4 6 9 11 12 14 15 | 15.0
Invocations    | 5 |  5.0
Evocations     | 2 6 9 11 14 15 | 15.0

Action                   |  1- 3 |  4- 6 |  7- 9 | 10-12 | 13-15 | 16-18 | 19-21 || total
-------------------------+-------+-------+-------+-------+-------+-------+-------++-------
Melee: Quarterstaff      |    59 |   116 |   340 |   675 |   122 |    71 |       ||  1383
       Lajatang          |       |       |       |       |  1050 |  1427 |  1540 ||  4017
Invok: Heroism           |       |       |     1 |    13 |     3 |     5 |    15 ||    37
       Finesse           |       |       |       |     2 |     1 |     1 |     6 ||    10
 Abil: Dig               |     1 |     1 |     3 |     4 |    10 |    11 |    25 ||    55
Evoke: Wand              |       |       |     2 |     8 |     7 |     1 |     1 ||    19
       Condenser vane    |       |       |       |       |       |     1 |     1 ||     2
  Use: Scroll            |       |       |       |    16 |    29 |     8 |     8 ||    61
       Potion            |       |       |       |     4 |     2 |     8 |     7 ||    21
 Stab: Paralysed         |       |       |     2 |     2 |     9 |       |       ||    13
       Invisible         |       |       |       |     3 |       |       |       ||     3
       Distracted        |       |       |       |     1 |       |       |       ||     1
       Held in net/web   |       |       |       |       |       |     2 |       ||     2
Armor: Scale mail        |    13 |    29 |    69 |    37 |       |       |       ||   148
       Plate armour      |       |       |       |   113 |   386 |   475 |   296 ||  1270
Dodge: Dodged            |    10 |    23 |    84 |   103 |   176 |   183 |   172 ||   751
Block: Kite shield       |    41 |    94 |   230 |   410 |   762 |   302 |       ||  1839
       Reflection        |     2 |     6 |     5 |    11 |    25 |    35 |    80 ||   164
       Tower shield      |       |       |       |       |       |  1027 |  1482 ||  2509
